 Dungeon Crawl Stone Soup version 0.21-a0-88-g13b9641 (webtiles) character file.

311 Ordine the Slasher (level 6, -2/44 HPs)
             Began as an Octopode Fighter on June 25, 2017.
             Killed by divine providence
             ... invoked by an orc priest
              (13 damage)
             ... on level 3 of the Dungeon.
             The game lasted 00:05:17 (1909 turns).

Ordine the Slasher (Octopode Fighter)               Turns: 1909, Time: 00:05:18

Health: -2/44      AC:  1    Str: 15    XL:     6   Next: 42%
Magic:  6/6        EV: 12    Int: 11    God:
Gold:   94         SH:  8    Dex: 13    Spells: 5/5 levels left

rFire    . . .     SeeInvis .   a - +0 long sword
rCold    . . .     Gourm    .   b - +0 shield
rNeg     + . .     Faith    .   (helmet restricted)
rPois    .         Spirit   .   (no amulet)
rElec    .         Reflect  .   h - ring of positive energy
rCorr    .         Harm     .   (no ring)
MR       .....                  (no ring)
Stlth    ++........             (no ring)
HPRegen  0.14/turn              (no ring)
MPRegen  0.10/turn              (no ring)
                                (no ring)
                                (no ring)

@: no status effects
A: almost no armour, stealthy swim, amphibious, 8 rings, constrict 8, camouflage
1, gelatinous body 1
a: no special abilities


You were on level 3 of the Dungeon.
You were not hungry.

You visited 1 branch of the dungeon, and saw 3 of its levels.

You collected 94 gold pieces.

Inventory:

Hand Weapons
 a - a +0 long sword (weapon)
Armour
 b - a +0 shield (worn)
Jewellery
 h - a ring of positive energy (left tentacle)
Wands
 l - a wand of acid (9/15)
Scrolls
 f - 2 scrolls of enchant weapon
 m - a scroll of remove curse
Potions
 e - a potion of brilliance {unknown}
 k - 2 potions of curing
Comestibles
 d - 3 bread rations
 g - 5 chunks of flesh
 i - 2 royal jellies


   Skills:
 + Level 4.4 Fighting
 * Level 5.6 Long Blades
 - Level 3.0 Dodging
 - Level 3.0 Shields


You had 5 spell levels left.
You didn't know any spells.

Dungeon Overview and Level Annotations

Branches:
Dungeon (3/15)

Altars:
Fedhas
Qazlal
Uskayaw
Xom


Innate Abilities, Weirdness & Mutations

You cannot wear most types of armour.
You are very stealthy in the water. (Stealth+)
You are amphibious.
You can wear up to eight rings at the same time.
You can use your tentacles to constrict eight enemies at once.
Your skin changes colour to match your surroundings (Stealth+).
Your rubbery body absorbs attacks. (AC +1, EV +1)


Message History

Unknown command.
Your shield prevents you from hitting the orc priest.
The orc priest is heavily wounded.
The orc hits you but does no damage.
The orc priest hits you but does no damage.
The orc priest looks braver for a moment.
You block the frilled lizard's attack. The rat bites you but does no damage.
You block the orc's attack.
You hit the orc priest but do no damage.
The orc priest is heavily wounded.
You feel less wooden. You block the orc priest's attack.
The orc priest mumbles some strange prayers to Beogh against you.
Beogh smites you! The frilled lizard bites you.
The rat bites you but does no damage. You block the orc's attack.
The frilled lizard bites you. The orc priest hits you with a flail.
* * * LOW HITPOINT WARNING * * *
The orc priest calls down the wrath of Beogh upon you.
Beogh smites you!
You die...

#.......#.##....).#...
#.......#.........#...
#......##.........#...
#.........(.......#...
#........#............
#........#...##.......
#........#...##.......
#####.l............###
#####@ro...........#
#..gooo.............
#....o...........
#............
#............
#####........
#........ ....(..#.
.......#


You could see 2 orc priests, 3 orcs, a hobgoblin, a frilled lizard and a rat.

Vanquished Creatures
  Grinder (D:3)
  Terence (D:3)
  3 gnolls (D:3)
  3 adders
  A worm (D:3)
  4 dart slugs
  2 ball pythons (D:1)
  4 bats
  5 giant cockroaches
  3 goblins
  2 hobgoblins
  4 jackals (D:1)
  3 frilled lizards
  3 kobolds (D:1)
  3 rats (D:1)
42 creatures vanquished.

Notes
Turn   | Place    | Note
-------+----------+-------------------------------------------
     0 | D:1      | Ordine the Octopode Fighter began the quest for the Orb.
     0 | D:1      | Reached XP level 1. HP: 16/16 MP: 1/1
    49 | D:1      | Reached XP level 2. HP: 7/21 MP: 2/2
   410 | D:1      | Reached skill level 3 in Long Blades
   461 | D:1      | Reached XP level 3. HP: 24/26 MP: 3/3
  1035 | D:2      | Found a hide-covered altar of Uskayaw.
  1037 | D:2      | Noticed a hand axe
  1038 | D:2      | Noticed a hand axe
  1091 | D:2      | Found a blossoming altar of Fedhas.
  1290 | D:2      | Found a stormy altar of Qazlal.
  1566 | D:2      | Found an iron altar of Okawaru.
  1577 | D:2      | Found a blossoming altar of Fedhas.
  1577 | D:2      | Found a shimmering altar of Xom.
  1579 | D:2      | Found an ancient bone altar of Kikubaaqudgha.
  1579 | D:2      | Found a sparkling altar of Nemelex Xobeh.
  1579 | D:2      | Found a shimmering altar of Xom.
  1669 | D:3      | Reached XP level 4. HP: 30/31 MP: 4/4
  1696 | D:3      | Noticed Terence
  1697 | D:3      | Noticed Grinder
  1704 | D:3      | Paralysed by Grinder for 4 turns
  1713 | D:3      | Killed Grinder
  1713 | D:3      | Reached skill level 5 in Long Blades
  1713 | D:3      | Reached XP level 5. HP: 37/37 MP: 5/5
  1713 | D:3      | Reached XP level 6. HP: 43/43 MP: 6/6
  1718 | D:3      | Killed Terence
  1909 | D:3      | Killed from afar by an orc priest

Vault maps used:
D:1:      dpeg_arrival_rooms_b
D:2:      fedhas_altar_3, dancing_weapons_uskayaw, doesnt_xom_only_xom,
          first_bread, roderic_lattice_a, grunt_qazlal_clouds
D:3:      trog_eyes_of_draining, chequers_ecumenical_altar_lobes, uniq_grinder,
          uniq_terence

Skill      XL: |  1  2  3  4 |
---------------+-------------+-----
Long Blades    | 3 5 |  5.6
Fighting       | 4 |  4.4
Dodging        | |  3.0
Shields        | |  3.0

Action                   |  1- 3 |  4- 6 || total
-------------------------+-------+-------++-------
Melee: Long sword        |    53 |    57 ||   110
       Constrict         |    15 |     6 ||    21
       Tentacles         |     7 |     5 ||    12
  Use: Scroll            |     7 |     1 ||     8
       Potion            |       |     3 ||     3
 Stab: Sleeping          |     7 |     1 ||     8
  Eat: Chunk             |     1 |     2 ||     3
Armor: Skin              |     9 |   118 ||   127
Dodge: Dodged            |    24 |    16 ||    40
Block: Shield            |    14 |    54 ||    68
       Rpst.: Long sword |     5 |     1 ||     6
